 Dungeon Crawl Stone Soup version 0.17-a0-1582-ge6b0260 (webtiles) character file.

891 Chiseanne the Covered (level 7, -1/56 HPs)
             Began as a Demonspawn Wanderer on July 27, 2015.
             Slain by a killer bee (6 damage)
             ... on level 5 of the Dungeon.
             The game lasted 00:14:17 (4898 turns).

Chiseanne the Covered (Demonspawn Wanderer)         Turns: 4898, Time: 00:14:17

Health: -1/56      AC:  7    Str: 20    XL:     7   Next: 78%
Magic:  9/9        EV:  9    Int: 12    God:
Gold:   184        SH:  9    Dex: 13    Spells: 0 memorised, 6 levels left

rFire  + . .     SeeInvis +     a - +2 dagger (pain)
rCold  . . .     Clarity  .     m - +2 robe {rF+}
rNeg   . . .     SustAt   .     l - +0 shield
rPois  .         Gourm    .     (helmet restricted)
rElec  .         Spirit   .     (no cloak)
rCorr  .         Warding  .     (no gloves)
rMut   .         Stasis   .     (no boots)
MR     .....                    j - amulet of faith
Stlth  ++........               (no ring)
                                i - ring of see invisible

@: mighty, lethally poisoned (-1 -> -13), not resistant to hostile enchantments,
unstealthy
A: antennae 1, molten scales 2, demonic guardian 1, powered by pain 1
a: no special abilities


You were on level 5 of the Dungeon.
You were hungry.

You visited 1 branch of the dungeon, and saw 5 of its levels.

You collected 184 gold pieces.

Inventory:

Hand weapons
 a - a +2 dagger of pain (weapon)
 d - a +0 dagger of electrocution
 u - a +0 mace of protection
Missiles
 b - 19 sling bullets
 f - 23 arrows
 q - 25 bolts
Armour
 l - a +0 shield (worn)
 m - a +2 robe of fire resistance (worn)
Jewellery
 i - a ring of see invisible (left hand)
 j - an amulet of faith (around neck)
Magical devices
 k - a wand of random effects (25)
 r - a wand of paralysis (11)
Scrolls
 o - a scroll of immolation
Potions
 g - a potion of flight
 n - 2 potions of magic
 p - 2 potions of curing
 s - 2 potions of beneficial mutation {unknown}
Comestibles
 c - 3 fruits
 e - 5 bread rations


   Skills:
 * Level 5.0 Fighting
 - Level 1.0 Throwing
 * Level 5.3 Armour
 - Level 2.1 Dodging
 - Level 1.0 Stealth
 * Level 3.7 Shields
 + Level 3.7 Evocations


You had 6 spell levels left.
You didn't know any spells.

Dungeon Overview and Level Annotations

Branches:
Dungeon (5/15)
 Temple: D:4-7

Altars:
Dithmenos
Xom
Zin


Innate Abilities, Weirdness & Mutations

You have a pair of small antennae on your head.
You are mostly covered in molten scales (AC +3, EV -1).
A weak demonic guardian rushes to your aid.
You sometimes gain a little power by taking damage.


Message History

The killer bee stings you but does no damage.
The killer bee completely misses you. The killer bee barely misses you.
You block the killer bee's attack.
You miss the killer bee.
The killer bee is almost dead.
You feel sick. The killer bee barely misses you.
You block the killer bee's attack. The killer bee barely misses you.
The killer bee barely misses you. The killer bee closely misses you.
You closely miss the killer bee.
The killer bee is almost dead.
You feel sick. The killer bee stings you!
* * * LOW HITPOINT WARNING * * *
You focus on the pain.
You feel mightier all of a sudden. The killer bee stings you.
* * * LOW HITPOINT WARNING * * *
You are lethally poisoned!
The killer bee poisons you! You block the killer bee's attack.
The killer bee stings you.
You die...

.......#..###...##...........####
#..##....## ##...................
#.......## ##.................[
.....#..# ###.....###.....####
.######.######.....### #....## #
. #...##.......# ###....<####
#......####..###...........
##.###..# ##...............# #
#..# #.## #@..............## #.
#.## #..###yy#............##
#..###.# ##..##.y###............#
.......###...#..## ##..[........#
..##....##y....## #............
##.........## #............
##.......## ##........####
##...#....######........##
#................###...##


You could see 3 killer bees.

Vanquished Creatures
  The ghost of FIQ the Cudgeler, an average DDBe of Trog (D:4)
  A sky beast (D:5)
  An ogre (D:5)
  A phantom (D:4)
  A scorpion (D:4)
  A crimson imp (D:4)
  A hound (D:5)
  A giant frog skeleton (D:5)
  An orc priest (D:4)
  An iguana (D:5)
  An iron imp (D:3)
  Jessica (D:2)
  A worker ant (D:4)
  Robin (D:2)
  6 adders
  Natasha (twice) (D:3)
  3 worms
  2 giant geckos (D:4)
  4 orcs (D:4)
  2 ball pythons
  13 bats
  2 giant cockroaches
  16 goblins
  16 hobgoblins
  2 jackals (D:3)
  3 kobolds
  7 giant newts
  15 rats
107 creatures vanquished.

Vanquished Creatures (collateral kills)
  A crimson imp (D:3)
  A hound (D:4)
  An iron imp (D:3)
  Natasha (D:3)
4 creatures vanquished.

Grand Total: 111 creatures vanquished

Notes
Turn   | Place    | Note
--------------------------------------------------------------
     0 | D:1      | Chiseanne the Demonspawn Wanderer began the quest for the Orb.
     0 | D:1      | Chiseanne set off with: a +2 spear, a potion of lignification, a wand of random effects (15), a +0 robe, a bread ration
     0 | D:1      | Reached XP level 1. HP: 16/16 MP: 1/1
   337 | D:1      | Gained mutation: You are partially covered in molten scales (AC +1). [demonic ancestry]
   337 | D:1      | Reached XP level 2. HP: 22/22 MP: 3/3
   951 | D:2      | Noticed Robin
   970 | D:2      | Gained mutation: You sometimes gain a little power by taking damage. [demonic ancestry]
   970 | D:2      | Reached XP level 3. HP: 15/28 MP: 4/4
   998 | D:2      | Killed Robin
  1297 | D:2      | Gained mutation: A weak demonic guardian rushes to your aid. [demonic ancestry]
  1297 | D:2      | Reached XP level 4. HP: 34/34 MP: 5/5
  1377 | D:2      | Found a shadowy altar of Dithmenos.
  1669 | D:2      | Reached skill level 1 in Shields
  1718 | D:3      | Noticed Jessica
  1730 | D:2      | Killed Jessica
  2062 | D:3      | Gained mutation: You are mostly covered in molten scales (AC +3, EV -1). [demonic ancestry]
  2062 | D:3      | Reached XP level 5. HP: 38/41 MP: 6/6
  2194 | D:3      | Found a shimmering altar of Xom.
  2194 | D:3      | Noticed Natasha
  2202 | D:3      | Killed Natasha
  2202 | D:3      | Reached skill level 4 in Armour
  2352 | D:3      | Noticed Natasha
  2363 | D:3      | Killed Natasha
  2394 | D:3      | Paralysed by a crimson imp for 6 turns
  2422 | D:3      | Noticed Natasha
  2440 | D:3      | Killed Natasha
  2562 | D:3      | Reached XP level 6. HP: 34/47 MP: 7/7
  2654 | D:4      | Found a glowing silver altar of Zin.
  2911 | D:4      | Noticed FIQ's ghost (average DDBe)
  2948 | D:4      | Killed FIQ's ghost
  3018 | D:4      | Gained mutation: You have a pair of small antennae on your head. [demonic ancestry]
  3018 | D:4      | Reached XP level 7. HP: 54/54 MP: 9/9
  3432 | D:4      | Reached skill level 5 in Armour
  3972 | D:5      | Entered Level 5 of the Dungeon
  4807 | D:5      | Reached skill level 5 in Fighting
  4898 | D:5      | Slain by a killer bee

Vault maps used:
D:1:      roderic_crop_circles_arrival_small
D:2:      lemuel_crystal_altar, uniq_robin
D:3:      led_xom_imps, uniq_natasha, uniq_jessica
D:4:      kennysheep_mini, first_bread
D:5:      nemelex_xobeh_ov_fountains_minmay, lemuel_temple_firewalk_marked,
          trog_butcher_becter

Action                   |  1- 3 |  4- 6 |  7- 9 || total
-------------------------+-------+-------+-------++-------
Melee: Spear             |   137 |   217 |    29 ||   383
       Dagger            |       |       |   159 ||   159
Evoke: Wand              |     3 |    15 |     2 ||    20
  Use: Potion            |     3 |     1 |     4 ||     8
       Scroll            |       |     6 |     3 ||     9
 Stab: Sleeping          |     2 |     1 |     1 ||     4
       Distracted        |       |     1 |       ||     1
  Eat: Chunk             |     1 |     6 |     6 ||    13
